| TOP OF THE 1ST |
|
Los Angeles Dodgers batting - Pitching for Cincinnati Reds : RHP Tony Guzman
|
|
Pitching: RHP Tony Guzman
|
|
|
Batting: RHB Billy Sample
|
0-0: Called Strike 0-1: Called Strike 0-2: Ball 1-2: Ball 2-2: Ball 3-2: Foul Ball, location: 2F 3-2: Strikes out swinging
|
|
Batting: RHB Carney Lansford
|
0-0: Called Strike 0-1: Foul Ball, location: 2F 0-2: Ball 1-2: Strikes out swinging
|
|
Batting: RHB Jerry Keller
|
0-0: Called Strike 0-1: Called Strike 0-2: Strikes out swinging
|
| Top of the 1st over - 0 runs, 0 hits, 0 errors, 0 left on base; Los Angeles 0 - Cincinnati 0 |
| BOTTOM OF THE 1ST |
|
Cincinnati Reds batting - Pitching for Los Angeles Dodgers : RHP Nick Williams
|
|
Pitching: RHP Nick Williams
|
|
|
Batting: RHB Gary Matthews
|
0-0: Called Strike 0-1: Called Strike 0-2: Ball 1-2: Foul Ball, location: 2F 1-2: Reached on error, E5 (Groundball, 56, EV 103.1 MPH)
|
|
Batting: LHB Scott Radloff
|
0-0: Foul Ball, location: 2F 0-1: Ball 1-1: Ball 2-1: Ball 3-1: Base on Balls
|
|
Batting: LHB Mike Easler
|
0-0: Ball 1-0: SINGLE (Line Drive, 7S, EV 108.8 MPH) Gary Matthews to third Scott Radloff to second Runner from 3rd tries for Home, SAFE, throw by LF to home
|
|
Batting: LHB Darrell Evans
|
0-0: Ball 1-0: SINGLE (Groundball, 6MS, EV 76.3 MPH) (infield hit) Scott Radloff to third Mike Easler to second
|
|
Batting: LHB Joseph Talley
|
0-0: Called Strike 0-1: Fly out, F7 (Flyball, 7LS, EV 83.8 MPH)
|
|
Batting: RHB Jim Anderson
|
0-0: Ball 1-0: Swinging Strike 1-1: Ball 2-1: Swinging Strike 2-2: Ground out 5-3 (Groundball, 5L, EV 101.9 MPH) Scott Radloff scores Mike Easler to third Darrell Evans to second
|
|
Batting: RHB John Malkin
|
0-0: Ball 1-0: DOUBLE (Line Drive, 89XD, EV 103.8 MPH) Mike Easler scores Darrell Evans scores
|
|
Batting: RHB Jesus Alfaro
|
0-0: Ball 1-0: Called Strike 1-1: Ball 2-1: Called Strike 2-2: Strikes out swinging
|
| Bottom of the 1st over - 4 runs, 3 hits, 1 error, 1 left on base; Los Angeles 0 - Cincinnati 4 |
| TOP OF THE 2ND |
|
Los Angeles Dodgers batting - Pitching for Cincinnati Reds : RHP Tony Guzman
|
|
Batting: RHB Dick Davis
|
0-0: Ball 1-0: Swinging Strike 1-1: Foul Ball, location: 2F 1-2: Strikes out swinging
|
|
Batting: RHB Barry Evans
|
0-0: Called Strike 0-1: Foul Ball, location: 2F 0-2: Ground out 5-3 (Groundball, 25, EV 83.1 MPH)
|
|
Batting: LHB Darren Daulton
|
0-0: Called Strike 0-1: Ball 1-1: Foul Ball, location: 2F 1-2: Strikes out swinging
|
| Top of the 2nd over - 0 runs, 0 hits, 0 errors, 0 left on base; Los Angeles 0 - Cincinnati 4 |
| BOTTOM OF THE 2ND |
|
Cincinnati Reds batting - Pitching for Los Angeles Dodgers : RHP Nick Williams
|
|
Batting: RHB Tony Guzman
|
0-0: Ball 1-0: Foul Ball, location: 2F 1-1: Foul Ball, location: 2F 1-2: Strikes out swinging
|
|
Batting: RHB Gary Matthews
|
0-0: Fly out, F8 (Flyball, 8RD, EV 106.3 MPH)
|
|
Batting: LHB Scott Radloff
|
0-0: Called Strike 0-1: Ball 1-1: Ball 2-1: Ball 3-1: Called Strike 3-2: Ground out 4-3 (Groundball, 4D, EV 108.8 MPH)
|
| Bottom of the 2nd over - 0 runs, 0 hits, 0 errors, 0 left on base; Los Angeles 0 - Cincinnati 4 |
| TOP OF THE 3RD |
|
Los Angeles Dodgers batting - Pitching for Cincinnati Reds : RHP Tony Guzman
|
|
Batting: SHB Spike Owen
|
0-0: Ball 1-0: Foul Ball, location: 2F 1-1: Foul Ball, location: 2F 1-2: Foul Ball, location: 2F 1-2: Ball 2-2: TRIPLE (Flyball, 8RXD, EV 101.3 MPH)
|
|
Batting: RHB Roberto Reyes
|
0-0: Called Strike 0-1: Called Strike 0-2: Ball 1-2: Ball 2-2: Ball 3-2: Base on Balls
|
|
Batting: RHB Nick Williams
|
0-0: Sac Bunt to 13 - play at first, batter OUT! 1-4 Roberto Reyes to second
|
|
Batting: RHB Billy Sample
|
0-0: Ball Wild Pitch! Spike Owen scores Roberto Reyes to third 1-0: SINGLE (Line Drive, 8LS, EV 100.6 MPH) Roberto Reyes scores
|
|
Batting: RHB Carney Lansford
|
0-0: Ball 1-0: Ball 2-0: Ball Billy Sample steals 2nd, throwing error, E2 Billy Sample to third 3-0: Called Strike 3-1: Called Strike 3-2: Strikes out swinging
|
|
Batting: RHB Jerry Keller
|
0-0: Swinging Strike 0-1: Ball 1-1: Swinging Strike 1-2: Ball 2-2: Ball 3-2: Strikes out swinging
|
| Top of the 3rd over - 2 runs, 2 hits, 1 error, 1 left on base; Los Angeles 2 - Cincinnati 4 |
| BOTTOM OF THE 3RD |
|
Cincinnati Reds batting - Pitching for Los Angeles Dodgers : RHP Nick Williams
|
|
Batting: LHB Mike Easler
|
0-0: Called Strike 0-1: Ball 1-1: Called Strike 1-2: SINGLE (Groundball, 4D, EV 98.8 MPH)
|
|
Batting: LHB Darrell Evans
|
0-0: Swinging Strike 0-1: Foul Ball, location: 2F 0-2: Fly out, F7 (Flyball, 7D, EV 93.1 MPH)
|
|
Batting: LHB Joseph Talley
|
0-0: Called Strike 0-1: Ball 1-1: Called Strike 1-2: Ball 2-2: Foul Ball, location: 2F 2-2: Strikes out swinging
|
|
Batting: RHB Jim Anderson
|
0-0: Called Strike 0-1: Fly out, F8 (Flyball, 8RS, EV 82.5 MPH)
|
| Bottom of the 3rd over - 0 runs, 1 hit, 0 errors, 1 left on base; Los Angeles 2 - Cincinnati 4 |
| TOP OF THE 4TH |
|
Los Angeles Dodgers batting - Pitching for Cincinnati Reds : RHP Tony Guzman
|
|
Batting: RHB Dick Davis
|
0-0: Called Strike 0-1: Called Strike 0-2: Ball 1-2: Foul Ball, location: 2F 1-2: SINGLE (Flyball, 7LS, EV 91.9 MPH)
|
|
Batting: RHB Barry Evans
|
0-0: Swinging Strike 0-1: Foul Ball, location: 2F 0-2: Ball 1-2: Ball 2-2: Ball 3-2: SINGLE (Line Drive, 3D, EV 93.8 MPH) Dick Davis to second Runner from 2nd tries for 3rd, SAFE, throw by RF made to third
|
|
Batting: LHB Darren Daulton
|
0-0: Called Strike 0-1: Ball Barry Evans steals 2nd base 1-1: Ball 2-1: Foul Ball, location: 2F 2-2: Foul Ball, location: 2F 2-2: Foul Ball, location: 2F 2-2: Foul Ball, location: 2F 2-2: Fly out, F8 (Flyball, 8RXD, EV 91.3 MPH) Runner from 3rd tags up, SCORES, no throw by CF Barry Evans to third
|
|
Batting: SHB Spike Owen
|
0-0: Ball 1-0: Swinging Strike 1-1: Foul Ball, location: 2F 1-2: Foul Ball, location: 2F 1-2: Strikes out swinging
|
|
Batting: RHB Roberto Reyes
|
0-0: Intentional Walk
|
|
Batting: RHB Nick Williams
|
0-0: Called Strike 0-1: Ground out 4-3 (Groundball, 34D, EV 83.1 MPH)
|
| Top of the 4th over - 1 run, 2 hits, 0 errors, 2 left on base; Los Angeles 3 - Cincinnati 4 |
| BOTTOM OF THE 4TH |
|
Cincinnati Reds batting - Pitching for Los Angeles Dodgers : RHP Nick Williams
|
|
Batting: RHB John Malkin
|
0-0: Foul Ball, location: 2F 0-1: Ball 1-1: Foul Ball, location: 2F 1-2: Foul Ball, location: 2F 1-2: Foul Ball, location: 2F 1-2: Strikes out swinging
|
|
Batting: RHB Jesus Alfaro
|
0-0: Ground out 6-3 (Groundball, 6, EV 84.4 MPH)
|
|
Batting: RHB Tony Guzman
|
0-0: Ball 1-0: Swinging Strike 1-1: Fly out, F9 (Flyball, 9S, EV 93.8 MPH)
|
| Bottom of the 4th over - 0 runs, 0 hits, 0 errors, 0 left on base; Los Angeles 3 - Cincinnati 4 |
| TOP OF THE 5TH |
|
Los Angeles Dodgers batting - Pitching for Cincinnati Reds : RHP Tony Guzman
|
|
Batting: RHB Billy Sample
|
0-0: Foul Ball, location: 2F 0-1: Ball 1-1: Swinging Strike 1-2: Ball 2-2: Fly out, F8 (Flyball, 78D, EV 103.8 MPH)
|
|
Batting: RHB Carney Lansford
|
0-0: Ground out 4-3 (Groundball, 4, EV 80.6 MPH)
|
|
Batting: RHB Jerry Keller
|
0-0: Called Strike 0-1: Ball 1-1: Ball 2-1: SINGLE (Flyball, 6D, EV 88.8 MPH)
|
|
Batting: RHB Dick Davis
|
0-0: Ball 1-0: Fly out, F5 (Line Drive, 5, EV 61.9 MPH)
|
| Top of the 5th over - 0 runs, 1 hit, 0 errors, 1 left on base; Los Angeles 3 - Cincinnati 4 |
| BOTTOM OF THE 5TH |
|
Cincinnati Reds batting - Pitching for Los Angeles Dodgers : RHP Nick Williams
|
|
Batting: RHB Gary Matthews
|
0-0: Foul Ball, location: 2F 0-1: Ball 1-1: Swinging Strike 1-2: Foul Ball, location: 2F 1-2: Strikes out swinging
|
|
Batting: LHB Scott Radloff
|
0-0: Called Strike 0-1: Called Strike 0-2: Strikes out looking
|
|
Batting: LHB Mike Easler
|
0-0: Called Strike 0-1: Ball 1-1: Fly out, F7 (Flyball, 8LS, EV 91.9 MPH)
|
| Bottom of the 5th over - 0 runs, 0 hits, 0 errors, 0 left on base; Los Angeles 3 - Cincinnati 4 |
| TOP OF THE 6TH |
|
Los Angeles Dodgers batting - Pitching for Cincinnati Reds : RHP Tony Guzman
|
|
Batting: RHB Barry Evans
|
0-0: Ball 1-0: Foul Ball, location: 2F 1-1: Ball 2-1: Fly out, F6 (Popup, P, EV 81.3 MPH)
|
|
Batting: LHB Darren Daulton
|
0-0: Ball 1-0: Swinging Strike 1-1: Swinging Strike 1-2: Ball 2-2: Ball 3-2: Base on Balls
|
|
Batting: SHB Spike Owen
|
0-0: Called Strike 0-1: Ball 1-1: Ball Darren Daulton steals 2nd base 2-1: Ball 3-1: SINGLE (Groundball, 25, EV 64.4 MPH) (infield hit) Darren Daulton to third
|
|
Batting: RHB Roberto Reyes
|
0-0: Ball 1-0: Swinging Strike 1-1: Ball 2-1: Ball 3-1: Called Strike 3-2: Fly out, F8 (Line Drive, 8RM, EV 87.5 MPH) Runner from 3rd tags up, SCORES, no throw by CF
|
|
Batting: RHB Nick Williams
|
0-0: Ball 1-0: Called Strike 1-1: Ball 2-1: Swinging Strike 2-2: Ball 3-2: Foul Ball, location: 2F 3-2: Strikes out swinging
|
| Top of the 6th over - 1 run, 1 hit, 0 errors, 1 left on base; Los Angeles 4 - Cincinnati 4 |
| BOTTOM OF THE 6TH |
|
Cincinnati Reds batting - Pitching for Los Angeles Dodgers : RHP Nick Williams
|
|
Batting: LHB Darrell Evans
|
0-0: Foul Ball, location: 2F 0-1: Ball 1-1: Swinging Strike 1-2: Ball 2-2: Hit by Pitch
|
|
Batting: LHB Joseph Talley
|
0-0: Ball 1-0: Swinging Strike 1-1: Foul Ball, location: 2F 1-2: Strikes out swinging
|
|
Batting: RHB Jim Anderson
|
0-0: Foul Ball, location: 2F 0-1: Ball 1-1: Called Strike 1-2: Ball 2-2: Ball 3-2: SINGLE (Groundball, 3D, EV 97.5 MPH) Darrell Evans to second Runner from 2nd tries for 3rd, SAFE, throw by RF made to third
|
|
Batting: RHB John Malkin
|
0-0: Called Strike 0-1: Ball 1-1: Ball 2-1: Ball 3-1: Fly out, F8 (Line Drive, 8LD, EV 90.0 MPH) Runner from 3rd tags up, SCORES, no throw by CF
|
|
Batting: RHB Jesus Alfaro
|
0-0: Called Strike 0-1: Ball 1-1: Foul Ball, location: 2F 1-2: Ball 2-2: Foul Ball, location: 2F 2-2: DOUBLE (Flyball, 3D, EV 93.8 MPH) Jim Anderson to third Runner from 3rd tries for Home, SAFE, throw by RF to home
|
|
Batting: RHB Tony Guzman
|
0-0: Called Strike 0-1: Fly out, F4 (Line Drive, 4, EV 65.0 MPH)
|
| Bottom of the 6th over - 2 runs, 2 hits, 0 errors, 1 left on base; Los Angeles 4 - Cincinnati 6 |
| TOP OF THE 7TH |
|
Los Angeles Dodgers batting - Pitching for Cincinnati Reds : RHP Tony Guzman
|
|
Batting: RHB Billy Sample
|
0-0: Called Strike 0-1: DOUBLE (Flyball, 89XD, EV 92.5 MPH)
|
|
Batting: RHB Carney Lansford
|
0-0: Called Strike 0-1: Ball 1-1: Ball 2-1: SINGLE (Line Drive, 89S, EV 88.8 MPH) Billy Sample to third Runner from 3rd tries for Home, SAFE, throw by RF to home
|
|
Batting: RHB Jerry Keller
|
0-0: Called Strike 0-1: Called Strike 0-2: Fly out, F9 (Flyball, 9S, EV 91.3 MPH)
|
|
Batting: RHB Dick Davis
|
0-0: Called Strike 0-1: Swinging Strike 0-2: Strikes out swinging
|
|
Batting: RHB Barry Evans
|
0-0: Ball 1-0: Swinging Strike 1-1: Ball 2-1: Ball Carney Lansford steals 2nd, throwing error, E2 Carney Lansford to third 3-1: Base on Balls
|
|
Batting: LHB Darren Daulton
|
0-0: Ball 1-0: Ground out 4-3 (Groundball, 4, EV 82.5 MPH)
|
| Top of the 7th over - 1 run, 2 hits, 1 error, 2 left on base; Los Angeles 5 - Cincinnati 6 |
| BOTTOM OF THE 7TH |
|
Cincinnati Reds batting - Pitching for Los Angeles Dodgers : RHP Nick Williams
|
|
Pitching: RHP Chuck Porter
|
|
|
Batting: RHB Gary Matthews
|
0-0: Ball 1-0: Ball 2-0: Ground out 5-3 (Groundball, 56, EV 85.6 MPH)
|
|
Batting: LHB Scott Radloff
|
0-0: Ball 1-0: Swinging Strike 1-1: Swinging Strike 1-2: Foul Ball, location: 2F 1-2: Foul Ball, location: 2F 1-2: Ball 2-2: Ball 3-2: Base on Balls
|
|
Batting: LHB Mike Easler
|
0-0: Ball 1-0: Fly out, F9 (Flyball, 9LD, EV 102.5 MPH)
|
|
Batting: LHB Darrell Evans
|
0-0: Called Strike 0-1: Ball 1-1: Foul Ball, location: 2F 1-2: Ball 2-2: Fly out, F7 (Flyball, 7S, EV 82.5 MPH)
|
| Bottom of the 7th over - 0 runs, 0 hits, 0 errors, 1 left on base; Los Angeles 5 - Cincinnati 6 |
| TOP OF THE 8TH |
|
Los Angeles Dodgers batting - Pitching for Cincinnati Reds : RHP Tony Guzman
|
|
Pitching: RHP Jay Dillard
|
|
|
Batting: SHB Spike Owen
|
0-0: SINGLE (Groundball, 34D, EV 104.4 MPH) (infield hit)
|
|
Batting: RHB Roberto Reyes
|
0-0: Ball 1-0: Bunt missed! 1-1: Ball 2-1: Sac Bunt to 5S - play at first, batter OUT! 5-4 Spike Owen to second
|
|
Pinch Hitting: LHB Ronald Jackson
|
0-0: Fly out, F8 (Flyball, 8LD, EV 103.1 MPH) Runner from 2nd tags up, SAFE at 3rd with throw by CF
|
|
Batting: RHB Billy Sample
|
0-0: SINGLE (Groundball, 4MD, EV 85.6 MPH) (infield hit) Spike Owen scores
|
|
Batting: RHB Carney Lansford
|
0-0: Ball 1-0: Ground out 5-3 (Groundball, 56, EV 85.0 MPH)
|
| Top of the 8th over - 1 run, 2 hits, 0 errors, 1 left on base; Los Angeles 6 - Cincinnati 6 |
| BOTTOM OF THE 8TH |
|
Cincinnati Reds batting - Pitching for Los Angeles Dodgers : RHP Chuck Porter
|
|
Pitching: RHP Steve Foucault
|
|
|
Batting: LHB Joseph Talley
|
0-0: Ball 1-0: Ball 2-0: Fly out, F7 (Flyball, 7D, EV 95.0 MPH)
|
|
Batting: RHB Jim Anderson
|
0-0: Called Strike 0-1: Ground out 6-3 (Groundball, 6, EV 90.6 MPH)
|
|
Batting: RHB John Malkin
|
0-0: Foul Ball, location: 2F 0-1: Swinging Strike 0-2: Ball 1-2: Strikes out swinging
|
| Bottom of the 8th over - 0 runs, 0 hits, 0 errors, 0 left on base; Los Angeles 6 - Cincinnati 6 |
| TOP OF THE 9TH |
|
Los Angeles Dodgers batting - Pitching for Cincinnati Reds : RHP Jay Dillard
|
|
Batting: RHB Jerry Keller
|
0-0: Swinging Strike 0-1: Ball 1-1: Foul Ball, location: 2F 1-2: Foul Ball, location: 2F 1-2: Ball 2-2: Foul Ball, location: 2F 2-2: Strikes out looking
|
|
Batting: RHB Dick Davis
|
0-0: Swinging Strike 0-1: Ball 1-1: Ball 2-1: SINGLE (Flyball, 8LS, EV 86.9 MPH)
|
|
Batting: RHB Barry Evans
|
0-0: Foul Ball, location: 2F 0-1: Ball 1-1: Swinging Strike 1-2: Strikes out swinging
|
|
Batting: LHB Darren Daulton
|
0-0: Ball 1-0: Called Strike 1-1: Foul Ball, location: 2F 1-2: Ball Pickoff Throw to First - Out! 1-3
|
| Top of the 9th over - 0 runs, 1 hit, 0 errors, 0 left on base; Los Angeles 6 - Cincinnati 6 |
| BOTTOM OF THE 9TH |
|
Cincinnati Reds batting - Pitching for Los Angeles Dodgers : RHP Steve Foucault
|
|
Pinch Hitting: LHB Jim Bennett
|
0-0: Ball 1-0: Fly out, F9 (Flyball, 9LS, EV 88.8 MPH)
|
|
Pinch Hitting: RHB Marco Mosquera
|
0-0: Ball 1-0: Swinging Strike 1-1: Ground out 5-3 (Groundball, 56, EV 76.9 MPH)
|
|
Batting: RHB Gary Matthews
|
0-0: Ball 1-0: Called Strike 1-1: Ball 2-1: Reached on error, E5 (Groundball, 56S, EV 88.8 MPH)
|
|
Batting: LHB Scott Radloff
|
0-0: Foul Ball, location: 2F 0-1: Ball 1-1: Ball 2-1: Ball 3-1: Base on Balls Gary Matthews to second
|
|
Batting: LHB Mike Easler
|
0-0: Ball 1-0: Ball 2-0: 3-RUN HOME RUN (Line Drive, 78XD, EV 97.5 MPH), Distance : 423 ft
|
| Bottom of the 9th over - 3 runs, 1 hit, 1 error, 0 left on base; Los Angeles 6 - Cincinnati 9 |
|